Map: Triton LE

Players

lIIllllIIlll (INnoVation)

  • Race: Terran Terran
  • League: Master
  • Spawn Location: 5:00

GOReynor (Reynor) - Winner!

  • Race: Zerg Zerg
  • League: Master
  • Spawn Location: 11:00

Event: HomeStory Cup XX

VOD

Have the link to the VOD?

Description

Time

  • Played on: Nov. 24, 2019, 11:35 a.m.
  • Length: 21:24

All games in this series

Show
View Real Time Build Order
Export as new Build Order

lIIllllIIlll Terran 

Build Orders: Mech 

Get SALT Encoding   

  12  0:00  SCV  
  13  0:12  SCV  
  14  0:16  Supply Depot  
  14  0:25  SCV  
  15  0:38  Barracks, SCV  
  16  0:43  Refinery  
  16  0:50  SCV  
  17  1:02  SCV  
  18  1:14  SCV  
  20  1:25  Reaper  
  20  1:26  Orbital Command  
  20  1:38  Command Center  
  20  1:47  Supply Depot  
  20  1:52  SCV  
  21  1:57  Marine  
  22  2:04  SCV  
  22  2:08  Factory  
  23  2:09  Refinery  
  23  2:16  SCV  
  23  2:19  Barracks Reactor  
  24  2:28  SCV  
  24  2:40  SCV  
  25  2:44  Barracks Reactor  
  25  2:52  SCV  
  25  2:57  Starport  
  25  3:02  Hellion  
  27  3:07  SCV  
  28  3:13  Orbital Command  
  28  3:19  SCV  
  29  3:31  SCV  
  29  3:33  Fusion Core  
  30  3:37  Hellion x2  
  30  3:38  SCV  
  35  3:44  SCV  
  36  3:50  SCV  
  36  3:52  Supply Depot  
  37  3:56  SCV  
  37  3:59  Command Center  
  37  4:02  Starport Tech Lab  
  38  4:03  SCV  
  38  4:08  SCV  
  44  4:14  Supply Depot  
  44  4:16  SCV  
  43  4:20  SCV  
  42  4:24  Battlecruiser  
  42  4:28  SCV  
  49  4:32  SCV  
  49  4:34  Refinery x2  
  49  4:38  Hellion x2  
  54  4:41  SCV  
  54  4:44  SCV  
  54  4:45  Supply Depot  
  55  4:53  SCV  
  55  4:56  SCV  
  55  4:58  Factory  
  57  5:03  Factory  
  57  5:05  SCV  
  58  5:08  SCV  
  58  5:11  Hellion  
  58  5:12  Orbital Command  
  61  5:16  Hellion  
  61  5:17  SCV  
  61  5:20  SCV  
  65  5:30  Battlecruiser  
  65  5:34  SCV  
  65  5:35  SCV  
  73  5:39  Supply Depot  
  73  5:44  Factory Tech Lab  
  73  5:47  Supply Depot, SCV x2  
  75  5:50  Orbital Command  
  75  5:52  Supply Depot  
  75  5:55  Weapon Refit  
  75  5:59  SCV x2  
  77  6:09  Factory Tech Lab, Infernal Pre-Igniter  
  77  6:10  Hellion x2  
  77  6:11  Hellion, SCV x2  
  85  6:15  Supply Depot  
  85  6:19  Refinery x2  
  85  6:20  SCV  
  85  6:21  Orbital Command  
  85  6:23  SCV x2  
  88  6:28  Cyclone  
  88  6:32  Cyclone  
  94  6:35  SCV x2  
  94  6:36  Supply Depot  
  94  6:37  Supply Depot  
  96  6:44  Battlecruiser  
  102  6:50  SCV  
  102  6:51  SCV x2  
  105  6:56  Supply Depot  
  105  7:00  Armory  
  105  7:01  Armory  
  105  7:02  Hellion  
  105  7:03  Hellion  
  105  7:04  SCV  
  105  7:05  SCV x2  
  112  7:17  Siege Tank x2, SCV x2  
  112  7:18  Supply Depot, SCV  
  121  7:25  Hellion  
  121  7:26  Hellion  
  123  7:30  SCV x2  
  123  7:31  Factory, SCV  
  123  7:32  Factory  
  118  7:40  Barracks Reactor  
  118  7:44  Command Center  
  118  7:48  Engineering Bay  
  118  7:53  Terran Vehicle And Ship Armor Level 1, Siege Tank, Terran Vehicle Weapons Level 1  
  118  7:57  Siege Tank  
  124  7:59  Hellion x2  
  128  8:08  Supply Depot  
  128  8:10  SCV x3  
  131  8:13  Supply Depot  
  131  8:15  Supply Depot  
  131  8:20  Factory Tech Lab  
  131  8:22  SCV x2  
  131  8:23  Hellion x2, SCV  
  131  8:25  Siege Tank  
  141  8:29  Siege Tank  
  141  8:33  Starport Reactor  
  144  8:38  SCV  
  145  8:42  Siege Tank  
  139  8:49  Hellion x3  
  139  8:50  Missile Turret  
  139  8:52  Missile Turret  
  145  8:58  Siege Tank  
  145  8:59  Missile Turret  
  145  9:00  Missile Turret  
  145  9:01  Siege Tank  
  149  9:05  SCV x3  
  135  9:11  SCV  
  135  9:16  Siege Tank  
  126  9:17  SCV x2  
  126  9:23  SCV  
  129  9:29  Planetary Fortress, SCV  
  129  9:30  Refinery, Siege Tank  
  130  9:33  Siege Tank  
  133  9:39  Missile Turret  
  133  9:40  Hellion x2  
  133  9:42  Hellion  
  133  9:43  Hellion  
  133  9:45  Refinery  
  141  9:48  Siege Tank, Terran Vehicle Weapons Level 2  
  141  9:49  Missile Turret  
  144  9:55  SCV x2  
  144  9:57  SCV  
  147  10:00  Command Center  
  147  10:02  Terran Vehicle And Ship Armor Level 2  
  147  10:06  Hellion x3  
  153  10:08  Hellion  
  159  10:16  Siege Tank x2  
  161  10:28  Factory  
  161  10:29  Factory  
  161  10:31  Factory  
  161  10:34  Command Center, Barracks Reactor  
  161  10:37  Hellion x2  
  161  10:38  Hellion  
  161  10:48  Siege Tank x3  
  162  10:58  Sensor Tower  
  162  10:59  Sensor Tower  
  162  11:09  Hellion x4, Viking x2  
  174  11:12  Factory Tech Lab, Supply Depot  
  174  11:13  Supply Depot  
  174  11:15  Factory Tech Lab  
  170  11:28  Thor x2  
  170  11:31  Smart Servos  
  182  11:37  Thor  
  188  11:46  Thor  
  194  11:48  Hellion x3  
  200  11:55  Planetary Fortress  
  200  11:58  Orbital Command  
  198  12:05  Thor  
  198  12:10  Refinery  
  198  12:11  Refinery, Viking x2  
  200  12:20  Supply Depot  
  200  12:26  Thor  
  200  12:27  Siege Tank  
  197  12:31  Siege Tank  
  198  12:41  Viking x2  
  198  12:42  Siege Tank  
  198  12:43  Hellion x5  
  199  12:48  Siege Tank  
  181  12:57  SCV x3  
  178  12:59  Siege Tank  
  178  13:02  Hellion  
  178  13:03  Siege Tank  
  178  13:04  Hellion x3  
  192  13:16  Siege Tank x2  
  192  13:18  Hellion  
  178  13:20  Siege Tank, SCV x3  
  169  13:32  Siege Tank  
  169  13:34  Hellion x2  
  174  13:35  Siege Tank  
  174  13:36  Hellion  
  174  13:38  Viking  
  181  13:42  Viking  
  181  13:48  Siege Tank x2  
  184  13:52  Siege Tank  
  184  13:55  Hellion x4  
  162  14:04  Siege Tank  
  162  14:06  SCV x2  
  162  14:07  Siege Tank, SCV  
  162  14:08  Viking, Terran Vehicle Weapons Level 3  
  173  14:12  Viking  
  166  14:18  Terran Vehicle And Ship Armor Level 3  
  166  14:19  SCV  
  166  14:20  SCV x2  
  163  14:32  Thor  
  163  14:33  Thor  
  163  14:34  Hellion x5  
  163  14:35  Hellion x2  
  183  14:45  Liberator x2  
  183  14:49  Command Center  
  181  14:53  Thor x2  
  181  14:58  Command Center  
  197  15:05  Fusion Core  
  199  15:19  Command Center  
  198  15:29  Command Center  
  198  15:31  Command Center  
  198  15:33  Siege Tank x3  
  199  15:48  Viking x2  
  199  15:52  Starport  
  199  15:53  Starport  
  194  16:01  Thor  
  194  16:02  SCV  
  194  16:03  SCV x3  
  197  16:17  Viking  
  197  16:18  Viking  
  199  16:23  Thor  
  199  16:24  Thor  
  199  16:29  Thor x2  
  199  16:31  Starport Reactor  
  192  16:32  Starport Reactor  
  192  16:35  SCV x4  
  190  16:46  SCV  
  190  16:47  SCV x3  
  190  16:48  Thor  
  199  16:54  Refinery  
  199  16:58  Refinery  
  198  17:02  Refinery  
  198  17:04  Viking  
  196  17:08  Command Center  
  196  17:10  Thor  
  179  17:16  Thor  
  179  17:21  Hellion  
  179  17:22  Hellion x2  
  167  17:34  Refinery  
  165  17:38  Thor  
  169  17:47  Advanced Ballistics  
  169  17:50  Hellion x2, Liberator  
  175  17:51  Hellion  
  175  17:53  Liberator  
  175  17:54  SCV x2  
  172  17:58  Hellion  
  172  18:04  Engineering Bay  
  169  18:25  Thor  
  169  18:26  Thor  
  178  18:29  Orbital Command  
  170  18:35  Missile Turret  
  170  18:38  Planetary Fortress, Liberator  
  168  18:42  Liberator  
  168  18:44  Missile Turret  
  168  18:46  Liberator  
  166  18:50  SCV  
  166  18:51  SCV x3  
  166  18:54  Liberator  
  175  19:03  SCV  
  179  19:15  Siege Tank  
  185  19:27  Liberator  
  185  19:29  Supply Depot x2  
  185  19:31  Refinery  
  185  19:32  Refinery, Missile Turret  
  187  19:49  Orbital Command, Missile Turret  
  185  19:59  Thor  
  155  20:00  Thor  
  141  20:12  Siege Tank  
  126  20:18  Thor  
  126  20:19  Hellion x3  
  126  20:20  Hellion x3  
  144  20:25  SCV x3  
  144  20:27  SCV  
  148  20:32  Thor  
  152  20:41  Hellion x2  
  148  20:51  SCV  
  148  20:52  SCV  
Show
View Real Time Build Order
Export as new Build Order

GOReynor Zerg - Winner!

Build Orders: Pool First 

Get SALT Encoding   

  12  0:00  Drone  
  13  0:12  Overlord  
  13  0:16  Drone  
  14  0:30  Drone x2  
  16  0:41  Spawning Pool  
  15  0:43  Drone  
  15  0:47  Drone  
  17  1:08  Hatchery  
  16  1:11  Drone  
  17  1:27  Zergling x2  
  17  1:28  Zergling x4  
  17  1:30  Queen  
  17  1:32  Extractor  
  21  1:38  Overlord  
  21  1:49  Drone  
  22  2:00  Drone  
  23  2:08  Queen  
  23  2:11  Drone  
  26  2:20  Drone  
  28  2:22  Drone  
  28  2:32  Drone  
  28  2:37  Metabolic Boost, Drone  
  29  2:39  Drone  
  29  2:40  Drone  
  29  2:41  Drone  
  32  2:48  Drone x2  
  32  2:59  Hatchery, Drone  
  32  3:03  Drone x2  
  34  3:07  Overlord  
  34  3:14  Zergling x2  
  34  3:17  Drone  
  36  3:24  Overlord  
  36  3:25  Queen  
  36  3:26  Drone  
  39  3:31  Drone x2  
  39  3:32  Zergling x2  
  42  3:35  Zergling x2  
  42  3:41  Drone  
  44  3:43  Drone x2  
  44  3:44  Drone, Pneumatized Carapace  
  47  3:50  Drone x2  
  49  3:58  Zergling x2  
  49  4:01  Overlord  
  50  4:03  Zergling x4  
  50  4:06  Baneling Nest  
  50  4:08  Overlord  
  51  4:10  Drone  
  51  4:12  Drone  
  51  4:15  Queen, Drone  
  56  4:17  Queen  
  56  4:22  Drone x2  
  56  4:24  Drone  
  61  4:28  Zergling x6  
  64  4:32  Overlord  
  64  4:33  Drone  
  64  4:38  Spore Crawler, Drone x3  
  63  4:40  Drone  
  63  4:43  Queen  
  63  4:44  Drone  
  71  4:48  Drone x2  
  71  4:51  Queen  
  75  4:58  Spore Crawler  
  76  5:02  Lair, Drone  
  76  5:03  Spore Crawler  
  76  5:04  Spore Crawler  
  76  5:05  Zergling x6, Baneling x2  
  76  5:07  Baneling  
  76  5:08  Zergling x4  
  76  5:10  Drone x2  
  76  5:12  Drone  
  81  5:16  Extractor, Overlord  
  81  5:17  Extractor, Evolution Chamber  
  81  5:18  Drone  
  81  5:19  Drone  
  81  5:20  Drone  
  81  5:24  Overlord  
  81  5:30  Overlord  
  81  5:34  Overlord  
  81  5:36  Drone x2  
  81  5:38  Overlord, Roach Warren  
  82  5:44  Drone x2  
  82  5:46  Overlord  
  82  5:47  Drone x2  
  82  5:48  Drone x2  
  88  5:51  Drone  
  88  5:52  Extractor  
  88  5:56  Overlord  
  88  5:59  Drone x4  
  88  6:00  Extractor  
  88  6:03  Zerg Missile Weapons Level 1, Drone  
  88  6:04  Drone x3  
  93  6:07  Extractor, Overlord  
  93  6:10  Drone x2  
  96  6:20  Spire  
  96  6:21  Drone  
  96  6:26  Overlord  
  96  6:28  Hatchery  
  96  6:30  Glial Reconstitution  
  95  6:36  Queen x2  
  95  6:39  Roach  
  107  6:40  Roach x4  
  107  6:41  Overlord  
  109  6:49  Roach x2  
  109  6:51  Overlord  
  113  6:58  Roach x2  
  113  7:00  Overlord  
  117  7:04  Overseer  
  117  7:05  Spore Crawler  
  117  7:07  Overlord  
  115  7:36  Corruptor x4  
  115  7:37  Corruptor x4  
  104  7:38  Roach x2  
  104  7:39  Zergling x16  
  104  7:43  Roach  
  135  7:48  Roach  
  135  7:49  Roach x2  
  135  7:51  Roach  
  142  7:56  Roach  
  142  7:58  Roach  
  144  8:01  Corruptor, Roach  
  144  8:04  Zergling x4, Roach  
  152  8:11  Roach x3  
  152  8:12  Extractor  
  157  8:16  Overlord x2  
  155  8:22  Roach x2  
  159  8:27  Overlord  
  159  8:32  Overlord  
  159  8:34  Roach x3  
  159  8:37  Overlord  
  159  8:42  Roach x6  
  159  8:44  Zergling x4, Roach x2  
  176  8:48  Zergling x4, Roach  
  176  8:49  Zergling x2, Ravager  
  176  8:50  Ravager  
  176  8:51  Roach  
  183  8:57  Zergling x6  
  183  8:58  Corruptor  
  183  8:59  Zergling x4  
  189  9:05  Roach  
  189  9:06  Roach  
  168  9:10  Corruptor  
  168  9:11  Zergling x2  
  168  9:13  Zergling x2, Roach x3  
  155  9:19  Drone x3  
  156  9:24  Roach  
  156  9:27  Drone x2  
  162  9:31  Zerg Melee Weapons Level 1, Drone x3  
  162  9:32  Centrifical Hooks, Drone  
  162  9:34  Drone x3  
  162  9:36  Spore Crawler  
  166  9:39  Spore Crawler  
  166  9:41  Infestation Pit  
  164  9:47  Roach  
  164  9:48  Roach x3  
  172  9:54  Drone  
  172  9:55  Drone x6  
  172  9:57  Extractor  
  172  9:59  Extractor, Corruptor x2  
  181  10:10  Drone  
  181  10:12  Zergling x2, Roach x2  
  187  10:15  Hatchery  
  185  10:28  Infestor x3  
  191  10:40  Drone x8  
  194  10:44  Drone x3  
  191  10:50  Corruptor x3  
  191  10:51  Corruptor  
  199  10:58  Hive  
  199  11:02  Evolution Chamber  
  198  11:05  Drone x2  
  200  11:14  Neural Parasite  
  198  11:27  Extractor x2  
  198  11:28  Zerg Melee Weapons Level 2  
  196  11:37  Burrow  
  193  11:41  Drone x2  
  193  11:46  Drone x4  
  197  11:49  Ravager x4  
  193  11:54  Zerg Missile Weapons Level 2  
  193  11:56  Zergling x16  
  198  12:04  Zergling x6  
  198  12:12  Zergling x6  
  199  12:20  Baneling x15  
  195  12:26  Zergling x16  
  199  12:33  Baneling x8  
  198  12:43  Zergling x2  
  198  12:44  Zergling x34  
  182  12:46  Zergling x4, Roach x2  
  182  12:47  Zergling x14  
  182  12:48  Roach  
  165  12:54  Corruptor x3  
  165  13:00  Queen x2, Roach x6  
  165  13:01  Queen  
  165  13:04  Baneling x13  
  165  13:05  Roach  
  185  13:07  Roach  
  177  13:14  Zergling x4, Roach x2  
  177  13:18  Zergling x2, Roach x3  
  171  13:22  Zergling x4, Roach x2  
  171  13:25  Roach x2  
  173  13:27  Roach  
  173  13:31  Roach x2  
  173  13:33  Zergling x2  
  170  13:36  Ravager x7  
  170  13:37  Zergling x2, Roach x2  
  170  13:38  Zergling x4  
  182  13:42  Roach  
  182  13:44  Overseer, Zergling x4  
  184  13:48  Roach x2  
  184  13:49  Zergling x2, Roach  
  184  13:53  Roach x2  
  183  13:59  Zergling x2, Roach x2  
  188  14:02  Greater Spire  
  188  14:05  Zergling x4  
  188  14:07  Overlord  
  187  14:14  Roach x2  
  187  14:15  Zergling x2  
  187  14:16  Overlord  
  189  14:19  Overlord  
  187  14:26  Corruptor, Drone x6  
  187  14:30  Drone x2  
  188  14:31  Infestor  
  188  14:43  Overseer  
  188  14:56  Spine Crawler  
  188  14:58  Spine Crawler x2  
  185  15:14  Zerg Flyer Weapons Level 1  
  185  15:15  Hatchery  
  185  15:16  Brood Lord x5  
  185  15:17  Adrenal Glands, Brood Lord x2  
  198  15:32  Brood Lord  
  198  15:33  Corruptor x2  
  195  15:46  Corruptor x2  
  199  16:01  Hatchery, Overlord  
  199  16:03  Overlord  
  191  16:04  Corruptor x4  
  191  16:08  Hatchery  
  194  16:17  Infestor x4  
  192  16:18  Corruptor x3  
  192  16:21  Roach x3  
  180  16:37  Brood Lord x3  
  180  16:38  Corruptor x3  
  190  16:46  Corruptor x2  
  182  16:48  Zergling x14  
  193  17:00  Roach x4  
  193  17:01  Roach  
  189  17:10  Roach x2  
  189  17:11  Roach x3  
  196  17:18  Roach  
  196  17:21  Roach  
  196  17:22  Roach  
  184  17:31  Infestor x3  
  184  17:35  Infestor  
  181  17:39  Zergling x4  
  181  17:40  Zergling x2  
  182  17:44  Infestor  
  182  17:47  Zergling x2, Roach x2  
  187  17:54  Roach x3  
  188  18:00  Roach  
  188  18:01  Roach x3  
  189  18:10  Corruptor x2  
  189  18:11  Zergling x2  
  181  18:23  Drone x7  
  181  18:24  Drone  
  172  18:29  Drone x2  
  165  18:39  Infestor x3  
  171  18:48  Corruptor  
  171  18:49  Zergling x6  
  176  19:00  Zergling x2, Roach x2  
  176  19:01  Zergling x4  
  179  19:09  Zergling x8  
  179  19:12  Roach  
  181  19:18  Drone x3  
  181  19:21  Ravager x3  
  181  19:22  Ravager  
  188  19:26  Drone x2  
  189  19:42  Brood Lord x2  
  187  19:48  Extractor, Queen, Drone  
  187  19:51  Extractor  
  185  19:58  Roach x3  
  164  20:07  Zergling x2  
  164  20:08  Zergling x18  
  173  20:15  Zergling x4  
  173  20:16  Zergling x6  
  178  20:24  Zergling x2, Roach x3  
  183  20:34  Brood Lord  
  185  20:38  Zergling x6, Roach x2  
  191  20:47  Roach x4  
  193  20:58  Drone x3  
  193  21:00  Extractor, Drone x3  
  193  21:01  Extractor, Drone  
Tags
 
Composition
Mech
Matchup
TvZ
Opening
Pool First
Spawn Locations
Cross Positions
Add a new tag
Caveats
  • Supply blocks, unpowered buildings, or Contaminate may cause inaccurate times.
  • Supply counts are checked every 10 seconds.